 Seeded DCSS version 0.28-a0-724-g66f9036eb4 (webtiles) character file.

Game seed: 3659875508348095005 (custom seed)

17234 RepHenryClay the Blocker (level 12, -2/109 HPs)
             Began as a Troll Fighter on Oct 25, 2021.
             Was an Elder of Makhleb.
             Slain by a six-headed hydra (13 damage)
             ... on level 2 of the Lair of Beasts on Oct 26, 2021.
             The game lasted 00:22:13 (10436 turns).

RepHenryClay the Blocker (Troll Fighter)           Turns: 10436, Time: 00:22:14

Health: -2/109     AC: 13    Str: 31    XL:     12   Next: 17%
Magic:  11/11      EV:  5    Int:  4    God:    Makhleb [****..]
Gold:   427        SH:  0    Dex:  9    Spells: 11/11 levels left

rFire   + . .      SeeInvis .     - Unarmed
rCold   . . .      Faith    .   C - +1 tower shield {rF+}
rNeg    . . .      Spirit   .   a - +0 robe
rPois   .          Reflect  .   D - +1 hat
rElec   .          Harm     .   (no cloak)
rCorr   .          Rampage  .   (gloves unavailable)
Will    .....                   (boots unavailable)
Stlth   +.........              (no amulet)
HPRegen 1.28/turn               t - +4 ring of protection
MPRegen 0.12/turn               G - +4 ring of protection

@: held
A: large, unfitting armour, claws 3, regeneration 1, shaggy fur 1, tough skin 1
a: Renounce Religion, Minor Destruction, Lesser Servant of Makhleb, Major
Destruction


You were on level 2 of the Lair of Beasts.
You worshipped Makhleb.
Makhleb was greatly pleased with you.
You visited 2 branches of the dungeon, and saw 12 of its levels.

You collected 658 gold pieces.
You spent 231 gold pieces at shops.

Inventory:

Hand Weapons
 b - a +0 whip of freezing
Missiles
 r - 2 large rocks (quivered)
 v - 14 poisoned darts
Armour
 a - a +0 robe (worn)
 C - a +1 tower shield of fire resistance (worn)
 D - a +1 hat (worn)
Jewellery
 o - a ring of positive energy
 q - a +4 ring of slaying
 t - a +4 ring of protection (left claw)
 G - a +4 ring of protection (right claw)
Wands
 p - a wand of iceblast (20)
 x - a wand of polymorph (15)
 I - a wand of charming (8)
 J - a wand of digging (3)
Scrolls
 d - 4 scrolls of vulnerability
 j - 2 scrolls of immolation {unknown}
 l - 2 scrolls of enchant armour {unknown}
 u - 2 scrolls of silence {unknown}
 w - 2 scrolls of fog {unknown}
 y - a scroll of noise {unknown}
 z - a scroll of amnesia {unknown}
 A - a scroll of brand weapon {unknown}
 E - 2 scrolls of magic mapping {unknown}
 H - a scroll of enchant weapon {unknown}
Potions
 c - 4 potions of might
 e - 3 potions of brilliance {unknown}
 f - 2 potions of attraction
 g - 3 potions of heal wounds
 h - 4 potions of curing
 i - a potion of cancellation {unknown}
 k - 2 potions of flight {unknown}
 m - 4 potions of haste
 n - 2 potions of mutation
 s - 5 potions of lignification {unknown}
 B - a potion of invisibility
 F - a potion of berserk rage {unknown}


   Skills:
 - Level 4.3 Fighting
 - Level 8.8 Throwing
 - Level 4.3 Dodging
 - Level 12.2 Shields
 + Level 9.1 Unarmed Combat


You had 11 spell levels left.
You didn't know any spells.
Your spell library contained the following spells:

 Spells                   Type           Power      Damage    Failure   Level
 Beastly Appendage        Tmut           0%         N/A       71%         1
 Freeze                   Ice            0%         1d3       71%         1
 Static Discharge         Conj/Air       0%         N/A       83%         2
 Wereblood                Tmut           0%         N/A       83%         2
 Conjure Flame            Conj/Fire      0%         6-21      97%         3
 Frozen Ramparts          Ice            0%         1d2       97%         3
 Ignite Poison            Fire/Tmut/Pois 0%         N/A       97%         3
 Spider Form              Tmut/Pois      0%         N/A       97%         3
 Tukima's Dance           Hex            0%         N/A       97%         3
 Dispel Undead            Necr           0%         3d6       100%        4
 Hailstorm                Conj/Ice       0%         3d3       100%        4
 Olgreb's Toxic Radiance  Pois           0%         N/A       100%        4
 Passage of Golubria      Tloc           0%         N/A       100%        4
 Sticky Flame             Conj/Fire      0%         2d3       100%        4
 Summon Lightning Spire   Summ/Air       0%         N/A       100%        4
 Fireball                 Conj/Fire      0%         3d3       100%        5
 Silence                  Hex/Air        0%         N/A       100%        5
 Yara's Violent Unravell  Hex/Tmut       0%         3d3       100%        5
 Dispersal                Tloc           0%         N/A       100%        6
 Starburst                Conj/Fire      0%         6d3       100%        6
 Ozocubu's Refrigeration  Ice            0%         4d5       100%        7
 Storm Form               Tmut/Air       0%         N/A       100%        7
 Disjunction              Tloc           0%         N/A       100%        8
 Ignition                 Fire           0%         3d3       100%        8
 Lehudib's Crystal Spear  Conj/Erth      0%         10d2      100%        8
 Maxwell's Capacitive Co  Air            0%         ∞         100%        8


Dungeon Overview and Level Annotations

Branches:
Dungeon (10/15)            Temple (0/1) D:7            Lair (2/6) D:10
  Swamp: Lair:2-4    Shoals: Lair:2-4     Snake: Lair:2-4    Spider: Lair:2-4
    Orc: D:9-12

Altars:
Dithmenos
Fedhas
Gozag
Hepliaklqana
Kikubaaqudgha
Makhleb
Okawaru
Qazlal
Uskayaw
Wu Jian
Beogh

Shops:
D:1 [

Annotations:
D:4 4 runed translucent doors
D:9 3 runed translucent doors, Pooter's ghost, journeyman MiBe
D:10 Fannar


Innate Abilities, Weirdness & Mutations

You are too large for most types of armour.
You have claws for hands.
Your natural rate of healing is unusually fast.
You are covered in fur. (AC +1)
You have tough skin. (AC +1)


Message History

The six-headed hydra bites you but does no damage.
The six-headed hydra bites you. The six-headed hydra barely misses you.
The six-headed hydra bites you. The six-headed hydra bites you!
* * * LOW HITPOINT WARNING * * *
The six-headed hydra bites you.
* * * LOW HITPOINT WARNING * * *
The wyvern bites you but does no damage.
You block the six-headed hydra's attack.
The six-headed hydra bites you but does no damage.
The six-headed hydra bites you!
* * * LOW HITPOINT WARNING * * *
You block the six-headed hydra's attack.
The six-headed hydra bites you but does no damage. x2
Huge Dmg: -24%(-26hp) hp: 30%(32hp) Throw: 3 large rocks
Press: ? - help, Q - select action, (/) - cycle Shift-Dir - straight line, f/p - six-headed hydra
Aim: a six-headed hydra (severely wounded, 79% to hit)
You throw a large rock.
The large rock hits the six-headed hydra.
The six-headed hydra is severely wounded.
You block the wyvern's attack. You block the redback's attack.
The jumping spider pounces on you.
* * * LOW HITPOINT WARNING * * *
You are caught in a web!
The jumping spider completely misses you.
The wyvern bites you but does no damage.
The six-headed hydra bites you but does no damage. x2
The six-headed hydra barely misses you.
The six-headed hydra bites you but does no damage.
The six-headed hydra bites you.
* * * LOW HITPOINT WARNING * * *
The six-headed hydra barely misses you. The redback bites you.
* * * LOW HITPOINT WARNING * * *
The jumping spider pounces on you but does no damage.
The jumping spider bites you but does no damage.
The wyvern bites you!
* * * LOW HITPOINT WARNING * * *
The six-headed hydra closely misses you.
The six-headed hydra barely misses you. The six-headed hydra bites you!
You die...

..... ...... .
..!. ..... .# .
... .... #. ..
#..#... # .
.(.##..... .#.#
#..(..... ....#
#.....sl#......
.....(s@.......
......D........
...##.#.#####..
# #..##. #.# #
... #(# ##


You could see a six-headed hydra, a jumping spider, a wyvern and a redback.

Vanquished Creatures
  Gastronok (D:8)
  A hydra (Lair:1)
  3 two-headed ogres
  Pikel (D:7)
  A wizard (D:9)
  A cyclops (D:9)
  6 cane toads (Lair:1)
  An unseen horror (D:10)
  A komodo dragon (D:10)
  2 trolls (D:10)
  2 polar bears (Lair:1)
  A jumping spider (Lair:1)
  Prince Ribbit (D:6)
  2 hornets
  8 blink frogs (Lair:1)
  A wraith (D:10)
  4 wyverns
  7 yaks
  2 basilisks (D:10)
  Grum (D:8)
  A steam dragon (D:10)
  Menkaure (D:7)
  A water moccasin (Lair:2)
  An ice beast (D:8)
  A black bear (D:6)
  3 necrophages
  11 wolves
  An ogre (D:3)
  7 centaurs
  A lemure (D:7)
  2 kobold brigands (D:7)
  3 phantoms
  A gnoll sergeant (D:10)
  5 bullfrogs
  3 scorpions (D:5)
  A water moccasin zombie (D:5)
  8 killer bees (D:9)
  The ghost of avis the Insei, a weakling DgTm (D:3)
  2 wights
  5 howler monkeys
  2 electric eels (Lair:1)
  A crimson imp (D:9)
  A bullfrog zombie (D:6)
  6 centaur zombies
  4 orc priests
  3 hounds
  2 jellies
  5 iguanas
  2 bullfrog skeletons
  Terence (D:2)
  An orc wizard (D:5)
  A hound skeleton (D:4)
  A howler monkey zombie (D:10)
  3 gnolls (D:2)
  6 adders
  A white imp (D:5)
  An ufetubus (D:6)
  An adder skeleton (D:2)
  3 dart slugs
  28 orcs
  A bat zombie (D:3)
  10 endoplasms
  4 giant cockroaches
  12 goblins
  6 hobgoblins
  3 jackals (D:5)
  5 quokkas
  6 ball pythons
  6 bats
  2 frilled lizards
  18 kobolds
  6 rats
  A rat zombie (D:3)
259 creatures vanquished.

Vanquished Creatures (others)
  9 fungi
  32 plants
41 creatures vanquished.

Grand Total: 300 creatures vanquished

Notes
Turn   | Place    | Note
-------+----------+-------------------------------------------
     0 | D:1      | RepHenryClay the Troll Fighter began the quest for the Orb.
     0 | D:1      | Reached XP level 1. HP: 22/22 MP: 0/0
   114 | D:1      | Found Poqyaff's Armour Shop.
   119 | D:1      | Reached XP level 2. HP: 29/29 MP: 1/1
   837 | D:2      | Noticed Terence
   848 | D:2      | Killed Terence
   849 | D:2      | Reached XP level 3. HP: 20/36 MP: 2/2
   881 | D:2      | Found a faded altar of an unknown god.
  1073 | D:2      | Reached XP level 4. HP: 29/44 MP: 3/3
  1608 | D:3      | Reached skill level 3 in Shields
  1626 | D:3      | Reached XP level 5. HP: 45/50 MP: 4/4
  1755 | D:3      | Found a hazy altar of Hepliaklqana.
  1829 | D:3      | Noticed an ogre
  1851 | D:3      | Killed an ogre
  1852 | D:3      | Reached skill level 4 in Shields
  1870 | D:3      | Found an ancient bone altar of Kikubaaqudgha.
  1915 | D:3      | Noticed a phantom
  1922 | D:3      | Killed a phantom
  1923 | D:3      | Reached XP level 6. HP: 59/59 MP: 5/5
  2030 | D:3      | Found a runed translucent gate.
  2030 | D:3      | Found a runed translucent gate.
  2031 | D:3      | Found a runed translucent gate.
  2032 | D:3      | Noticed avis's ghost (weakling DgTm)
  2036 | D:3      | Identified the +2 chain mail of Snakes and Ladders {Contam
                  | Regen+ Slay+4}
  2591 | D:4      | Found a large runed translucent door.
  2591 | D:4      | Found a large runed translucent door.
  2593 | D:4      | Noticed an ice beast
  2600 | D:4      | Found a large runed translucent door.
  2600 | D:4      | Found a large runed translucent door.
  2716 | D:4      | Reached skill level 5 in Shields
  2805 | D:4      | Reached XP level 7. HP: 66/66 MP: 6/6
  2914 | D:4      | Reached skill level 6 in Shields
  2971 | D:4      | Found a burning altar of Makhleb.
  2974 | D:4      | Found the +5 scythe "Finisher" {speed, eviscerate}
  2979 | D:4      | Became a worshipper of Makhleb the Destroyer
  3128 | D:5      | Entered Level 5 of the Dungeon
  3144 | D:5      | Found a hide-covered altar of Uskayaw.
  3290 | D:5      | Reached skill level 7 in Shields
  3821 | D:5      | Reached XP level 8. HP: 64/74 MP: 7/7
  3838 | D:5      | Found a shadowy altar of Dithmenos.
  3913 | D:5      | Found a stormy altar of Qazlal.
  3913 | D:5      | Found an iron altar of Okawaru.
  4056 | D:6      | Reached skill level 8 in Shields
  4157 | D:6      | Reached * piety under Makhleb
  4542 | D:6      | Noticed Prince Ribbit
  4562 | D:6      | Killed Prince Ribbit
  4563 | D:6      | Reached skill level 9 in Shields
  5189 | D:7      | Reached XP level 9. HP: 72/80 MP: 8/8
  5228 | D:7      | Paralysed by a hornet for 1 turns
  5232 | D:7      | Reached skill level 5 in Throwing
  5477 | D:1      | Bought a +1 tower shield of fire resistance for 231 gold
                  | pieces
  5747 | D:7      | Noticed Pikel
  5776 | D:7      | Killed Pikel
  5891 | D:7      | Noticed Menkaure
  5899 | D:7      | Killed Menkaure
  5899 | D:7      | Reached ** piety under Makhleb
  5985 | D:7      | Found an ornate altar of the Wu Jian Council.
  6028 | D:7      | Found a staircase to the Ecumenical Temple.
  6163 | D:3      | Killed avis's ghost
  6194 | D:3      | Upgraded the game from 0.28-a0-723-g095bd1b44f to
                  | 0.28-a0-724-g66f9036eb4
  6402 | D:8      | Noticed a two-headed ogre
  6410 | D:8      | Killed a two-headed ogre
  6411 | D:8      | Reached XP level 10. HP: 53/88 MP: 9/9
  6516 | D:8      | Noticed Grum
  6679 | D:8      | Killed Grum
  6769 | D:8      | Noticed Gastronok
  6798 | D:8      | Killed Gastronok
  6905 | D:8      | Paralysed by a hornet for 3 turns
  7268 | D:9      | Noticed a two-headed ogre
  7312 | D:9      | Killed a two-headed ogre
  7468 | D:9      | Noticed a black mamba
  7469 | D:9      | Noticed Pooter's ghost (journeyman MiBe)
  7471 | D:9      | Found a runed translucent gate.
  7471 | D:9      | Found a runed translucent gate.
  7478 | D:9      | Found a runed translucent gate.
  7478 | D:9      | Noticed a cane toad
  7480 | D:9      | a cane toad changed into a basilisk
  7532 | D:9      | Noticed a cyclops
  7553 | D:9      | Killed a cyclops
  7554 | D:9      | Reached skill level 10 in Shields
  7578 | D:9      | Found a blossoming altar of Fedhas.
  7733 | D:9      | Noticed a glowing orange brain
  7764 | D:9      | Noticed a shock serpent
  7764 | D:9      | a glowing orange brain changed into a shock serpent
  7789 | D:9      | Noticed a torpor snail
  7834 | D:9      | a torpor snail changed into a snapping turtle
  7949 | D:9      | Noticed a wizard
  7956 | D:9      | Killed a wizard
  7957 | D:9      | Reached XP level 11. HP: 95/101 MP: 10/10
  8102 | D:9      | Noticed an ice dragon
  8106 | D:9      | an ice dragon changed into something unseen
  8179 | D:9      | Noticed a minotaur
  8215 | D:10     | Entered Level 10 of the Dungeon
  8265 | D:10     | Noticed a two-headed ogre
  8290 | D:10     | Killed a two-headed ogre
  8324 | D:10     | Found an opulent altar of Gozag.
  8359 | D:10     | Noticed Fannar
  8429 | D:10     | Reached *** piety under Makhleb
  8446 | D:10     | Reached skill level 11 in Shields
  8494 | D:10     | Noticed a two-headed ogre
  8876 | D:10     | Found a staircase to the Lair.
  8947 | Lair:1   | Entered Level 1 of the Lair of Beasts
  9055 | Lair:1   | Reached skill level 12 in Shields
  9199 | Lair:1   | Reached skill level 5 in Unarmed Combat
  9427 | Lair:1   | Identified the +5 halberd of Yredelemnul's Envy {elec, rF+
                  | rC+ Dex+3}
  9929 | Lair:1   | Noticed a six-headed hydra
  9934 | Lair:1   | Killed a six-headed hydra
  9934 | Lair:1   | Reached **** piety under Makhleb
  9971 | Lair:1   | Reached XP level 12. HP: 102/109 MP: 11/11
 10429 | Lair:2   | Noticed a six-headed hydra
 10436 | Lair:2   | Slain by a six-headed hydra

Illustrated notes

Levels and vault maps discovered:
D:1:      lightli_arrival_windingriver, layout_basic, serial_shops,
          nicolae_shop_waterfront, chequers_serial_rivers_micro_a
D:2:      layout_loops_ring, ebering_ecumenical_altar_hall,
          minmay_misc_feat_alley, minmay_crystal_room, minmay_octomino_j4,
          uniq_terence
D:3:      layout_loops_ring, lemuel_zombie_altar_kikubaaqudgha,
          mainiacjoe_overflow_alcove_1, biasface_ghost_orc_armoury,
          grunt_decor_one_mirror, grunt_decor_arrowhead
D:4:      layout_cave_pools, bloody_makhleb, minmay_hollow_rounded_squares
D:5:      layout_basic, lemuel_crystal_altar,
          gammafunk_temple_overflow_elements,
          nicolae_uskayaw_murder_on_the_dancefloor,
          corexii_item_surrounded_by_moat
D:6:      mumra_celtic_spiral_tile, layout_basic, bh_walls_and_bars,
          uniq_prince_ribbit1
D:7:      layout_gridville, nicolae_wu_jian_immortal_techniques,
          minmay_temple_entry_poolview, uniq_menkaure, uniq_pikel
D:8:      layout_loops_ring, uniq_grum, uniq_gastronok
D:9:      layout_irregular_city, marbit_many_paths, gammafunk_ghost_split,
          lightli_wizard_tower
D:10:     layout_cave_pools, mainiacjoe_overflow_24_doors, erik_lair_dragon,
          serial_park, serial_park_tiny_pond, serial_park_tiny_pond,
          serial_park_square2, serial_park_square3
          [serial_park_minivault_5x5_8], kennysheep_kite_vault, uniq_fannar
Lair:1:   layout_small_grid, serial_bayou_lagoon_b, grunt_megastairs_4,
          serial_bayou_shore_b, infiniplex_staircase_pool
Lair:2:   layout_misc_corridors, nicolae_spider_entry_tight_spaces,
          lemuel_fruit_tree, serial_bayou_shore_b

Skill      XL: |  1  2  3  4  5  6  7  8  9 10 11 12 |
---------------+-------------------------------------+-----
Unarmed Combat | 4 7 9 |  9.1
Shields        | 3 4 5 7 9 10 12 | 12.2
Throwing       | 3 8 |  8.8
Fighting       | 4 |  4.3
Dodging        | 4 |  4.3

Action                   |  1- 3 |  4- 6 |  7- 9 | 10-12 || total
-------------------------+-------+-------+-------+-------++-------
Melee: Unarmed           |    98 |   131 |   283 |   477 ||   989
Throw: Dart              |       |       |    10 |    48 ||    58
       Large rock        |       |       |       |    19 ||    19
Evoke: Wand              |       |       |       |     1 ||     1
  Use: Scroll            |       |       |       |    10 ||    10
       Potion            |       |       |       |     2 ||     2
 Stab: Sleeping          |     2 |       |       |       ||     2
Armor: Robe              |    28 |    46 |    89 |   307 ||   470
Dodge: Dodged            |    22 |    50 |    67 |   206 ||   345
Block: Kite shield       |    30 |    51 |    66 |       ||   147
       Tower shield      |       |       |    83 |   558 ||   641

Table legend: (Time is in decaauts)
 A = Elapsed time spent in this place.
 B = Non-inter-level travel time spent in this place.
 C = Inter-level travel time spent in this place.
 D = Time resting spent in this place.
 E = Time spent auto-exploring this place.
 F = Levels seen in this place.
 G = Mean time per level.
                   A        B        C        D        E       F      G
               +--------+--------+--------+--------+--------+-----+--------+
         Total |  10542 |   9610 |    932 |    331 |   6826 |  12 |  878.5 |
       Dungeon |   9098 |   8249 |    849 |    318 |   5892 |  10 |  909.8 |
          Lair |   1443 |   1361 |     82 |     13 |    934 |   2 |  721.5 |
               +--------+--------+--------+--------+--------+-----+--------+

Top non-repeatable levels by time:
  Lair:1: 1394 daAuts
     D:6: 1241 daAuts
     D:2: 987 daAuts
     D:3: 965 daAuts
     D:9: 959 daAuts
     D:7: 925 daAuts
     D:1: 912 daAuts
     D:5: 910 daAuts
    D:10: 802 daAuts
     D:8: 758 daAuts
     D:4: 634 daAuts
  Lair:2: 48 daAuts
